Workbook
Name \A: #REF!
Name \L: #REF!
Name \P: #REF!
Name \s: #REF!
Name _______________AFC1: [1]INV!$A$25:$D$28
Name _______________AFC3: [1]INV!$F$25:$I$28
Name _______________AFC5: [1]INV!$K$25:$N$28
Name _______________BGC1: [1]INV!$A$5:$D$8
Name _______________BGC3: [1]INV!$F$5:$I$8
Name _______________BGC5: [1]INV!$K$5:$N$8
Name _______________CAC1: [1]INV!$A$19:$D$22
Name _______________CAC3: [1]INV!$F$19:$I$22
Name _______________CAC5: [1]INV!$K$19:$N$22
Name _______________oa55: #REF!
Name _______________SBC1: [1]INV!$A$12:$D$15
Name _______________SBC3: [1]INV!$F$12:$I$15
Name _______________SBC5: [1]INV!$K$12:$N$15
Name ______________AFC1: [1]INV!$A$25:$D$28
Name ______________AFC3: [1]INV!$F$25:$I$28
Name ______________AFC5: [1]INV!$K$25:$N$28
Name ______________BGC1: [1]INV!$A$5:$D$8
Name ______________BGC3: [1]INV!$F$5:$I$8
Name ______________BGC5: [1]INV!$K$5:$N$8
Name ______________CAC1: [1]INV!$A$19:$D$22
Name ______________CAC3: [1]INV!$F$19:$I$22
Name ______________CAC5: [1]INV!$K$19:$N$22
Name ______________oa55: #REF!
Name ______________SBC1: [1]INV!$A$12:$D$15
Name ______________SBC3: [1]INV!$F$12:$I$15
Name ______________SBC5: [1]INV!$K$12:$N$15
Name _____________AFC1: [1]INV!$A$25:$D$28
Name _____________AFC3: [1]INV!$F$25:$I$28
Name _____________AFC5: [1]INV!$K$25:$N$28
Name _____________BGC1: [1]INV!$A$5:$D$8
Name _____________BGC3: [1]INV!$F$5:$I$8
Name _____________BGC5: [1]INV!$K$5:$N$8
Name _____________CAC1: [1]INV!$A$19:$D$22
Name _____________CAC3: [1]INV!$F$19:$I$22
Name _____________CAC5: [1]INV!$K$19:$N$22
Name _____________oa55: #REF!
Name _____________SBC1: [1]INV!$A$12:$D$15
Name _____________SBC3: [1]INV!$F$12:$I$15
Name _____________SBC5: [1]INV!$K$12:$N$15
Name ____________AFC1: [1]INV!$A$25:$D$28
Name ____________AFC3: [1]INV!$F$25:$I$28
Name ____________AFC5: [1]INV!$K$25:$N$28
Name ____________BGC1: [1]INV!$A$5:$D$8
Name ____________BGC3: [1]INV!$F$5:$I$8
Name ____________BGC5: [1]INV!$K$5:$N$8
Name ____________CAC1: [1]INV!$A$19:$D$22
Name ____________CAC3: [1]INV!$F$19:$I$22
Name ____________CAC5: [1]INV!$K$19:$N$22
Name ____________oa55: #REF!
Name ____________PJ50: #REF!
Name ____________SBC1: [1]INV!$A$12:$D$15
Name ____________SBC3: [1]INV!$F$12:$I$15
Name ____________SBC5: [1]INV!$K$12:$N$15
Name ___________AFC1: [1]INV!$A$25:$D$28
Name ___________AFC3: [1]INV!$F$25:$I$28
Name ___________AFC5: [1]INV!$K$25:$N$28

Sheet PROPUESTA ECONOMICA 
B2: INSTITUTO NACIONAL DE VIAS
B3: DIRECCION TERRITORIAL META
B4: SELECCIÓN ABREVIADA
B5: IP-DT-MET-007-2022
B6: MEJORAMIENTO DEL TRAMO 65MTE PUENTE GUATIQUIA - LOS CABALLOS, TERRITORIAL META
B7: PROPUESTA ECONOMICA
B10: Nº | C10: ITEM DE PAGO | D10: ESPECIFICACIÓN | F10: DESCRIPCIÓN | G10: UNIDAD | H10: CANTIDAD | I10: PRECIO UNITARIO | J10: VALOR TOTAL
D11: GENERAL | E11: PARTICULAR
B12: 1 | C12: 201.7 | D12: 201 | F12: DEMOLICIÓN DE ESTRUCTURAS | G12: m3 | H12: 12
B13: 2 | C13: 600.2.3 | D13: 600 | F13: EXCAVACIONES VARIAS EN MATERIAL COMUN EN SECO | G13: m3 | H13: 65
B14: 3 | C14: 610.2 | D14: 610 | F14: RELLENOS PARA ESTRUCTURAS CON RECEBO. | G14: m3 | H14: 64
B15: 4 | C15: 630.4.1 | D15: 630 | F15: CONCRETO RESISTENCIA 21MPA (D) | G15: m3 | H15: 54.4
B16: 5 | C16: 630.6 | D16: 630 | F16: CONCRETO RESISTENCIA 14MPA (F) | G16: m3 | H16: 12
B17: 6 | C17: 640.1 | D17: 640 | F17: ACERO DE REFUERZO FY 4200 MPA. | G17: kg | H17: 1460
B18: 7 | C18: 640.2 | D18: 640 | F18: MALLA DE REFUERZO FY 4200 MPA. | G18: kg | H18: 210
B19: 8 | C19: 661.2 | D19: 660 | F19: TUBERIA DE CONCRETO REFORZADO, CLASE II DE 900mm DE DIAMETRO INTERIOR | G19: m | H19: 16
B20: 9 | C20: 900.2.1 | D20: 900 | F20: TRANSPORTE DE MATERIALES PROVENIENTES DE LA EXCAVACIÓN DE LA EXPLANACIÓN, CANALES Y PRÉSTAMOS PARA DISTANCIAS MAYORES DE MIL METROS (1.000 M) MEDIDOS A PARTIR DE CIEN METROS (100 M). | G20: m3/km | H20: 501.5
B21: SUBTOTAL COSTOS BÁSICOS OBRA = (A)
F22: VALOR BÁSICO DE OBRAS
F23: VALOR IVA (OBRA) (19% SOBRE UTILIDAD OBRA)
F24: VALOR TOTAL
B26: VALOR TOTAL EN LETRAS: | E26: CIENTO CINCUENTA MILLONES DE PESOS MONEDA CORRIENTE
B27: NOTA 1:El control de tráfico temporal (controladores de trafico) y la señalización provisional necesarios para la ejecución de las obras será por cuenta y riesgo del contratista. | G27: DESCRIPCION | J27: PORCENTAJE
B28: NOTA 2: Se debe tener en cuenta que el PRECIO UNITARIO incluye el valor de A.I.U. | G28: ADMINISTRACION | I28: A=
B29: NOTA 3: El A.I.U y su discriminación deben estar en porcentaje (%). | G29: IMPREVISTO | I29: I=
B30: NOTA 4: Cuando la fracción decimal del peso sea igual o superior a 5 se aproximara por exceso al número entero siguiente del peso y cuando la fracción decimal del peso sea inferior a 5 se aproximará por defecto al número entero del peso. | G30: UTILIDAD | I30: U=
B31: NOTA 5: El CONTRATISTA dará estricto cumplimiento de los Protocolos de Bioseguridad, así como del Decreto 531 de 2020, la Resolución 666 de 2020, la Resolución 679 de 2020, la Resolución 312 de 2019, y la Resolución 1443 de 2014. | G31: TOTAL A.I.U | I31: A.I.U.=
B32: NOTA 6: Los valores que aparecen fijos e inmodificables no podrán alterarse, de lo contrario, será causal de rechazo de la propuesta que hace parte integral del presente proceso, conforme el literal O, del numeral 1.15 del pliego de condiciones.

Sheet PPTO
B2: INSTITUTO NACIONAL DE VIAS
B3: DIRECCION TERRITORIAL META
B4: SELECCIÓN ABREVIADA
B5: IP-DT-MET-009-2022
B6: MEJORAMIENTO DEL TRAMO 65MTE PUENTE GUATIQUIA - LOS CABALLOS, TERRITORIAL META
B7: PRESUPUESTO OFICIAL
B8: FORMULARIO 1
B10: Nº | C10: ITEM DE PAGO | D10: ESPECIFICACIÓN | F10: DESCRIPCIÓN | G10: UNIDAD | H10: CANTIDAD | I10: PRECIO UNITARIO | J10: VALOR TOTAL
D11: GENERAL | E11: PARTICULAR
B12: 1 | C12: 201.7 | D12: 201 | F12: DEMOLICIÓN DE ESTRUCTURAS | G12: m3 | H12: 12 | I12: =+'201.7'!N110 -> 207962 | J12: =+H12*I12 -> 2495544
B13: 2 | C13: 600.2.3 | D13: 600 | F13: EXCAVACIONES VARIAS EN MATERIAL COMUN EN SECO | G13: m3 | H13: 65 | I13: =+'600.2.3'!N110 -> 25453 | J13: =+H13*I13 -> 1654445
B14: 3 | C14: 610.2 | D14: 610 | F14: RELLENOS PARA ESTRUCTURAS CON RECEBO. | G14: m3 | H14: 64 | I14: =+'610.2'!N110 -> 81599 | J14: =+H14*I14 -> 5222336
B15: 4 | C15: 630.4.1 | D15: 630 | F15: CONCRETO RESISTENCIA 21MPA (D) | G15: m3 | H15: 54.4 | I15: =+'630.4.1'!N110 -> 878075 | J15: =+H15*I15 -> 47767280
B16: 5 | C16: 630.6 | D16: 630 | F16: CONCRETO RESISTENCIA 14MPA (F) | G16: m3 | H16: 12 | I16: =+'630.6'!N110 -> 465682 | J16: =+H16*I16 -> 5588184
B17: 6 | C17: 640.1 | D17: 640 | F17: ACERO DE REFUERZO FY 4200 MPA. | G17: kg | H17: 1460 | I17: =+'640.1'!N110 -> 8072 | J17: =+H17*I17 -> 11785120
B18: 7 | C18: 640.2 | D18: 640 | F18: MALLA DE REFUERZO FY 4200 MPA. | G18: kg | H18: 210 | I18: =+'640.2'!N110 -> 7493 | J18: =+H18*I18 -> 1573530
B19: 8 | C19: 661.2 | D19: 660 | F19: TUBERIA DE CONCRETO REFORZADO, CLASE II DE 900mm DE DIAMETRO INTERIOR | G19: m | H19: 16 | I19: =+'661.2'!N110 -> 861977 | J19: =+H19*I19 -> 13791632
B20: 9 | C20: 900.2.1 | D20: 900 | F20: TRANSPORTE DE MATERIALES PROVENIENTES DE LA EXCAVACIÓN DE LA EXPLANACIÓN, CANALES Y PRÉSTAMOS PARA DISTANCIAS MAYORES DE MIL METROS (1.000 M) MEDIDOS A PARTIR DE CIEN METROS (100 M). | G20: m3/km | H20: 501.5 | I20: =+'900.2.1'!N110 -> 1054 | J20: =+H20*I20 -> 528581
B21: SUBTOTAL COSTOS BÁSICOS OBRA = (A) | J21: =SUM(J12:J20) -> 90406652
F22: VALOR BÁSICO DE OBRAS | J22: =+J21 -> 90406652
F23: VALOR IVA (OBRA) (19% SOBRE UTILIDAD OBRA) | J23: =+(+J21/(1+J31)*J30*0.19) -> 660664
F24: VALOR TOTAL | J24: =+J23+J22 -> 91067316
B26: VALOR TOTAL EN LETRAS: | E26: CIENTO CINCUENTA MILLONES DE PESOS MONEDA CORRIENTE
B27: NOTA 1:El control de tráfico temporal (controladores de trafico) y la señalización provisional necesarios para la ejecución de las obras será por cuenta y riesgo del contratista. | G27: DESCRIPCION | J27: PORCENTAJE
B28: NOTA 2: Se debe tener en cuenta que el PRECIO UNITARIO incluye el valor de A.I.U. | G28: ADMINISTRACION | I28: A= | J28: 0.2
B29: NOTA 3: El A.I.U y su discriminación deben estar en porcentaje (%). | G29: IMPREVISTO | I29: I= | J29: 0.05
B30: NOTA 4: Cuando la fracción decimal del peso sea igual o superior a 5 se aproximara por exceso al número entero siguiente del peso y cuando la fracción decimal del peso sea inferior a 5 se aproximará por defecto al número entero del peso. | G30: UTILIDAD | I30: U= | J30: 0.05
B31: NOTA 5: El CONTRATISTA dará estricto cumplimiento de los Protocolos de Bioseguridad, así como del Decreto 531 de 2020, la Resolución 666 de 2020, la Resolución 679 de 2020, la Resolución 312 de 2019, y la Resolución 1443 de 2014. | G31: TOTAL A.I.U | I31: A.I.U.= | J31: =SUM(J28:J30) -> 0.3
B32: NOTA 6: Los valores que aparecen fijos e inmodificables no podrán alterarse, de lo contrario, será causal de rechazo de la propuesta que hace parte integral del presente proceso, conforme el literal O, del numeral 1.15 del pliego de condiciones.

Sheet 201.7
K1: CÓDIGO | L1: FR-APU-1
C2: INSTITUTO NACIONAL DE VIAS
C3: ANÁLISIS DE PRECIOS UNITARIOS DE REFERENCIA REGIONALIZADOS | K3: VERSIÓN | L3: 2021
C5: ACTUALIZACIÓN PERIÓDICA | K5: PÁGINA
K8: FECHA
L9: (Día) | M9: (Mes) | N9: (Año)
B10: ÍTEM BASE DE APU DE REFERENCIA: | E10: ⊠ | F10: PUBLICACIÓN: | H10: 2022-1 JUNIO 2022
B12: ÍTEM DE PROYECTO PARTICULAR:
B13: ÍTEM DE LA PROPUESTA ECONÓMICA: | E13: □ | H13: ÍTEM NO PREVISTO: | J13: □ | K13: ÍTEM APU PARTICULAR: | M13: □
B14: UNIDAD EJECUTORA: | J14: DIRECCIÓN TERRITORIAL:
B17: CONTRATO No. | D17: FECHA:
B18: OBJETO DEL CONTRATO:
B21: CARRETERA: | J21: SECTOR:
B23: CONTRATISTA:
B25: INTERVENTOR: | K25: CONTRATO No. | M25: FECHA: | N25: ______________
B27: FECHA DE CIERRE DEL PROCESO DE SELECCIÓN DEL CONTRATO: | I27: / | J27: /
F28: (Día) | H28: (Día) | I28: (Mes) | J28: (Año)
B30: DATOS ESPECÍFICOS
B32: ÍTEM | C32: DESCRIPCIÓN | J32: GRUPO DE AJUSTE | L32: UNIDAD | N32: CANTIDAD
B33: 201.7 | C33: DEMOLICIÓN DE ESTRUCTURAS | L33: m3
B35: I. EQUIPO
B37: CÓDIGO | C37: DESCRIPCIÓN | J37: TIPO | K37: TARIFA/HORA | L37: RENDIMIENTO | N37: Vr. UNITARIO
B38: C0010790 | C38: Retroexcavadora sobre oruga, potencia 138 HP, balde de 1,5 m3. | K38: 229299.55 | L38: 2.5 | N38: =K38/L38 -> 91719.819
B39: C0010270 | C39: Compresor 120 HP, con martillo. | K39: 97539.004 | L39: 2.5 | N39: =K39/L39 -> 39015.602
B40: C0010330 | C40: Equipo de oxicorte, Capacidad de corte: hasta 6´´ (152mm) | K40: 10375.829 | L40: 2.5 | N40: =K40/L40 -> 4150.3315
N41: =K41*L41 -> 0
N42: =K42*L42 -> 0
N43: =K43*L43 -> 0
N44: =K44*L44 -> 0
N45: =K45*L45 -> 0
N46: =K46*L46 -> 0
N47: =K47*L47 -> 0
N48: =K48*L48 -> 0
N49: =K49*L49 -> 0
N50: =K50*L50 -> 0
N51: =K51*L51 -> 0
C52: HERRAMIENTA MENOR (%) | L52: 0.05 | N52: =L52*N98 -> 854.97717
B53: SUBTOTAL $ | N53: =SUM(N38:N52) -> 135740.73
B55: II. MATERIALES
B57: CÓDIGO | C57: DESCRIPCIÓN | J57: UNIDAD | K57: CANTIDAD | L57: PRECIO UNIT. | N57: Vr. UNITARIO
B58: B0013791 | C58: Derechos de conformación y/o disposición de materiales sobrantes (Incluye todos los costos inherentes a las posibles obras requeridas en los sitios de disposición de sobrantes) | J58: m3 | K58: 1.4 | L58: =VLOOKUP(B58,[46]MATERIALES!$C$6:$F$373,4,0) -> 2360.5703 | N58: =K58*L58 -> 3304.7985
N59: =K59*L59 -> 0
N60: =K60*L60 -> 0
N61: =K61*L61 -> 0
N62: =K62*L62 -> 0
N63: =K63*L63 -> 0
N64: =K64*L64 -> 0
N65: =K65*L65 -> 0
N66: =K66*L66 -> 0
N67: =K67*L67 -> 0
N68: =K68*L68 -> 0
N69: =K69*L69 -> 0
N70: =K70*L70 -> 0
... N72: =K72*L72 -> 0
B73: SUBTOTAL $ | N73: =SUM(N58:N72) -> 3304.7985
B75: III. TRANSPORTES
B77: CÓDIGO | C77: DESCRIPCIÓN | I77: UNIDAD | J77: CANTIDAD (1) | K77: DISTANCIA (2) | L77: (1) * (2) | M77: TARIFA | N77: Vr. UNITARIO
B78: T0010032 | C78: Transporte de material de demolición | I78: m3-km | J78: 1 | K78: 4 | L78: =J78*K78 -> 4 | M78: =VLOOKUP(B78,[46]TRANSPORTE!$C$6:$F$40,4,0) -> 956.4823 | N78: =L78*M78 -> 3825.9292
N79: =L79*M79 -> 0
N80: =L80*M80 -> 0
N81: =L81*M81 -> 0
N82: =L82*M82 -> 0
B83: SUBTOTAL $ | N83: =SUM(N78:N82) -> 3825.9292
B85: IV. MANO DE OBRA
B87: CÓDIGO | C87: DESCRIPCIÓN | I87: JORNAL | J87: PRESTACIONES (%) | K87: JR. TOTAL | L87: RENDIMIENTO | N87: Vr. UNITARIO
B88: A0030030 | C88: Obrero (3) | I88: 117995.7 | J88: 185 | K88: 218292.04 | L88: 20 | N88: =K88/L88 -> 10914.602
B89: A0040010 | C89: Oficial | I89: 63306.413 | J89: 185 | K89: 123698.83 | L89: 20 | N89: =K89/L89 -> 6184.9416
B98: SUBTOTAL $ | N98: =SUM(N88:N97) -> 17099.543
B100: TOTAL COSTO DIRECTO $ | N100: =N53+N73+N83+N98 -> 159971
B102: V. COSTOS INDIRECTOS
B104: DESCRIPCIÓN | K104: Porcentaje | L104: Valor Total
B105: ADMINISTRACION | K105: 0.2 | L105: =K105*N100 -> 31994.2
B106: IMPREVISTOS | K106: 0.05 | L106: =K106*N100 -> 7998.55
B107: UTILIDAD | K107: 0.05 | L107: =K107*N100 -> 7998.55
B108: SUBTOTAL $ | N108: =L105+L106+L107 -> 47991.3
B110: Precio Unitario Total Aproximado al Peso $ | N110: =ROUND((N100+N108),0) -> 207962
E115: Firma
E116: Nombre:
E117: Representante Legal del Contratista o su Apoderado
E118: Matricula No. :
B120: OBSERVACIONES INTERVENTORÍA:
B125: APROBACIÓN POR INTERVENTORÍA
B126: Nota 1: Cuando se trate de Análisis de precios unitarios correspondientes a ítems de la propuesta económica aprobada, el Interventor aprueba el desglose de los componentes manteniendo el mismo precio unitario de cada ítem, cumpliendo con las especificaciones de construcción vigentes para el proyecto.
B128: Nota 2: Cuando se trate de Análisis de precios unitarios de ítems no previstos, el Interventor aprueba el desglose y precio unitario de cada ítem no previsto, exigiendo la aplicación de los costos correspondientes a insumos y tarifas de la propuesta económica inicial cuando estén contemplados, cumpliendo con las especificaciones de construcción vigente para el proyecto.
E134: Firma
E135: Nombre:
E136: Representante Legal del Interventor o su Apoderado
E137: Matricula No. :
B139: NOTA: Los documentos publicados periódicamente son propiedad del Instituto Nacional de Vías. Su uso con fines comerciales o de lucro a cualquier título sin previa autorización, está totalmente prohibido y constituye una infracción a la normatividad vigente.

Sheet 600.2.3
K1: CÓDIGO | L1: FR-APU-1
C2: INSTITUTO NACIONAL DE VIAS
C3: ANÁLISIS DE PRECIOS UNITARIOS DE REFERENCIA REGIONALIZADOS | K3: VERSIÓN | L3: 2021
C5: ACTUALIZACIÓN PERIÓDICA | K5: PÁGINA
K8: FECHA
L9: (Día) | M9: (Mes) | N9: (Año)
B10: ÍTEM BASE DE APU DE REFERENCIA: | E10: ⊠ | F10: PUBLICACIÓN: | H10: 2022-1 JUNIO 2022
B12: ÍTEM DE PROYECTO PARTICULAR:
B13: ÍTEM DE LA PROPUESTA ECONÓMICA: | E13: □ | H13: ÍTEM NO PREVISTO: | J13: □ | K13: ÍTEM APU PARTICULAR: | M13: □
B14: UNIDAD EJECUTORA: | J14: DIRECCIÓN TERRITORIAL:
B17: CONTRATO No. | D17: FECHA:
B18: OBJETO DEL CONTRATO:
B21: CARRETERA: | J21: SECTOR:
B23: CONTRATISTA:
B25: INTERVENTOR: | K25: CONTRATO No. | M25: FECHA: | N25: ______________
B27: FECHA DE CIERRE DEL PROCESO DE SELECCIÓN DEL CONTRATO: | I27: / | J27: /
F28: (Día) | H28: (Día) | I28: (Mes) | J28: (Año)
B30: DATOS ESPECÍFICOS
B32: ÍTEM | C32: DESCRIPCIÓN | J32: GRUPO DE AJUSTE | L32: UNIDAD | N32: CANTIDAD
B33: 600.2.3 | C33: EXCAVACIONES VARIAS EN MATERIAL COMUN EN SECO | L33: m3
B35: I. EQUIPO
B37: CÓDIGO | C37: DESCRIPCIÓN | J37: TIPO | K37: TARIFA/HORA | L37: RENDIMIENTO | N37: Vr. UNITARIO
B38: C0010052 | C38: Buldozer, Potencia al volante de 140 HP, motor de 2200 RPM, longitud de hoja 4,80m. | K38: 242402.38 | L38: 100 | N38: =K38/L38 -> 2424.0238
B39: C0010790 | C39: Retroexcavadora sobre oruga, potencia 138 HP, balde de 1,5 m3. | K39: 229299.55 | L39: 35 | N39: =K39/L39 -> 6551.4157
N40: =K40*L40 -> 0
N41: =K41*L41 -> 0
N42: =K42*L42 -> 0
N43: =K43*L43 -> 0
N44: =K44*L44 -> 0
N45: =K45*L45 -> 0
N46: =K46*L46 -> 0
N47: =K47*L47 -> 0
N48: =K48*L48 -> 0
N49: =K49*L49 -> 0
N50: =K50*L50 -> 0
N51: =K51*L51 -> 0
C52: HERRAMIENTA MENOR (%) | L52: 0.01 | N52: =L52*N98 -> 9.6152454
B53: SUBTOTAL $ | N53: =SUM(N38:N52) -> 8985.0547
B55: II. MATERIALES
B57: CÓDIGO | C57: DESCRIPCIÓN | J57: UNIDAD | K57: CANTIDAD | L57: PRECIO UNIT. | N57: Vr. UNITARIO
B58: B0013790 | C58: Derecho de explotación y/o disposición de materiales | J58: m3 | K58: 1.3 | L58: 3583.53 | N58: =K58*L58 -> 4658.589
N59: =K59*L59 -> 0
N60: =K60*L60 -> 0
N61: =K61*L61 -> 0
N62: =K62*L62 -> 0
N63: =K63*L63 -> 0
N64: =K64*L64 -> 0
N65: =K65*L65 -> 0
N66: =K66*L66 -> 0
N67: =K67*L67 -> 0
N68: =K68*L68 -> 0
N69: =K69*L69 -> 0
N70: =K70*L70 -> 0
... N72: =K72*L72 -> 0
B73: SUBTOTAL $ | N73: =SUM(N58:N72) -> 4658.589
B75: III. TRANSPORTES
B77: CÓDIGO | C77: DESCRIPCIÓN | I77: UNIDAD | J77: CANTIDAD (1) | K77: DISTANCIA (2) | L77: (1) * (2) | M77: TARIFA | N77: Vr. UNITARIO
B78: T0010025 | C78: Transporte de material de excavación | I78: m3-km | J78: 1.3 | K78: 4 | L78: =J78*K78 -> 5.2 | M78: =VLOOKUP(B78,[46]TRANSPORTE!$C$6:$F$40,4,0) -> 956.4823 | N78: =L78*M78 -> 4973.7079
N79: =L79*M79 -> 0
N80: =L80*M80 -> 0
N81: =L81*M81 -> 0
N82: =L82*M82 -> 0
B83: SUBTOTAL $ | N83: =SUM(N78:N82) -> 4973.7079
B85: IV. MANO DE OBRA
B87: CÓDIGO | C87: DESCRIPCIÓN | I87: JORNAL | J87: PRESTACIONES (%) | K87: JR. TOTAL | L87: RENDIMIENTO | N87: Vr. UNITARIO
B88: A0040010 | C88: Oficial | I88: 63306.413 | J88: 185 | K88: 123698.83 | L88: 280 | N88: =K88/L88 -> 441.78154
B89: A0030020 | C89: Obrero (2) | I89: =K89/J89*100 -> 78663.804 | J89: 185 | K89: 145528.04 | L89: 280 | N89: =K89/L89 -> 519.74299
B98: SUBTOTAL $ | N98: =SUM(N88:N97) -> 961.52454
B100: TOTAL COSTO DIRECTO $ | N100: =N53+N73+N83+N98 -> 19578.876
B102: V. COSTOS INDIRECTOS
B104: DESCRIPCIÓN | K104: Porcentaje | L104: Valor Total
B105: ADMINISTRACION | K105: 0.2 | L105: =K105*N100 -> 3915.7752
B106: IMPREVISTOS | K106: 0.05 | L106: =K106*N100 -> 978.94381
B107: UTILIDAD | K107: 0.05 | L107: =K107*N100 -> 978.94381
B108: SUBTOTAL $ | N108: =L105+L106+L107 -> 5873.6629
B110: Precio Unitario Total Aproximado al Peso $ | N110: =ROUND((N100+N108),0) -> 25453
E115: Firma
E116: Nombre:
E117: Representante Legal del Contratista o su Apoderado
E118: Matricula No. :
B120: OBSERVACIONES INTERVENTORÍA:
B125: APROBACIÓN POR INTERVENTORÍA
B126: Nota 1: Cuando se trate de Análisis de precios unitarios correspondientes a ítems de la propuesta económica aprobada, el Interventor aprueba el desglose de los componentes manteniendo el mismo precio unitario de cada ítem, cumpliendo con las especificaciones de construcción vigentes para el proyecto.
B128: Nota 2: Cuando se trate de Análisis de precios unitarios de ítems no previstos, el Interventor aprueba el desglose y precio unitario de cada ítem no previsto, exigiendo la aplicación de los costos correspondientes a insumos y tarifas de la propuesta económica inicial cuando estén contemplados, cumpliendo con las especificaciones de construcción vigente para el proyecto.
E134: Firma
E135: Nombre:
E136: Representante Legal del Interventor o su Apoderado
E137: Matricula No. :
B139: NOTA: Los documentos publicados periódicamente son propiedad del Instituto Nacional de Vías. Su uso con fines comerciales o de lucro a cualquier título sin previa autorización, está totalmente prohibido y constituye una infracción a la normatividad vigente.

Sheet 610.2
K1: CÓDIGO | L1: FR-APU-1
C2: INSTITUTO NACIONAL DE VIAS
C3: ANÁLISIS DE PRECIOS UNITARIOS DE REFERENCIA REGIONALIZADOS | K3: VERSIÓN | L3: 2021
C5: ACTUALIZACIÓN PERIÓDICA | K5: PÁGINA
K8: FECHA
L9: (Día) | M9: (Mes) | N9: (Año)
B10: ÍTEM BASE DE APU DE REFERENCIA: | E10: ⊠ | F10: PUBLICACIÓN: | H10: 2022-1 JUNIO 2022
B12: ÍTEM DE PROYECTO PARTICULAR:
B13: ÍTEM DE LA PROPUESTA ECONÓMICA: | E13: □ | H13: ÍTEM NO PREVISTO: | J13: □ | K13: ÍTEM APU PARTICULAR: | M13: □
B14: UNIDAD EJECUTORA: | J14: DIRECCIÓN TERRITORIAL:
B17: CONTRATO No. | D17: FECHA:
B18: OBJETO DEL CONTRATO:
B21: CARRETERA: | J21: SECTOR:
B23: CONTRATISTA:
B25: INTERVENTOR: | K25: CONTRATO No. | M25: FECHA: | N25: ______________
B27: FECHA DE CIERRE DEL PROCESO DE SELECCIÓN DEL CONTRATO: | I27: / | J27: /
F28: (Día) | H28: (Día) | I28: (Mes) | J28: (Año)
B30: DATOS ESPECÍFICOS
B32: ÍTEM | C32: DESCRIPCIÓN | J32: GRUPO DE AJUSTE | L32: UNIDAD | N32: CANTIDAD
B33: 610.2 | C33: RELLENO PARA ESTRUCTURAS CON RECEBO | L33: m3
B35: I. EQUIPO
B37: CÓDIGO | C37: DESCRIPCIÓN | J37: TIPO | K37: TARIFA/HORA | L37: RENDIMIENTO | N37: Vr. UNITARIO
B38: C0010200 | C38: Compactador manual (saltarín) peso de operación (kg.) 52, fuerza de impacto por golpe (KN) 12 | K38: =VLOOKUP(B38,[46]EQUIPOS!$C$6:$G$137,5,0) -> 8942.3664 | L38: =1/2.737 -> 0.36536354 | N38: =K38*L38 -> 3267.2146
N39: =K39*L39 -> 0
N40: =K40*L40 -> 0
N41: =K41*L41 -> 0
N42: =K42*L42 -> 0
N43: =K43*L43 -> 0
N44: =K44*L44 -> 0
N45: =K45*L45 -> 0
N46: =K46*L46 -> 0
N47: =K47*L47 -> 0
N48: =K48*L48 -> 0
N49: =K49*L49 -> 0
N50: =K50*L50 -> 0
N51: =K51*L51 -> 0
C52: HERRAMIENTA MENOR (%) | L52: 0.05 | N52: =L52*N98 -> 519.74294
B53: SUBTOTAL $ | N53: =SUM(N38:N52) -> 3786.9576
B55: II. MATERIALES
B57: CÓDIGO | C57: DESCRIPCIÓN | J57: UNIDAD | K57: CANTIDAD | L57: PRECIO UNIT. | N57: Vr. UNITARIO
B58: B0014373 | C58: Material de recebo para relleno | J58: m3 | K58: 1.3 | L58: =VLOOKUP(B58,[46]MATERIALES!$C$6:$F$373,4,0) -> 20232.336 | N58: =K58*L58 -> 26302.037
B59: B0063200 | C59: Agua | J59: L | K59: 45 | L59: =VLOOKUP(B59,[46]MATERIALES!$C$6:$F$373,4,0) -> 53.112833 | N59: =K59*L59 -> 2390.0775
N60: =K60*L60 -> 0
N61: =K61*L61 -> 0
N62: =K62*L62 -> 0
N63: =K63*L63 -> 0
N64: =K64*L64 -> 0
N65: =K65*L65 -> 0
N66: =K66*L66 -> 0
N67: =K67*L67 -> 0
N68: =K68*L68 -> 0
N69: =K69*L69 -> 0
N70: =K70*L70 -> 0
N71: =K71*L71 -> 0
N72: =K72*L72 -> 0
B73: SUBTOTAL $ | N73: =SUM(N58:N72) -> 28692.115
B75: III. TRANSPORTES
B77: CÓDIGO | C77: DESCRIPCIÓN | I77: UNIDAD | J77: CANTIDAD (1) | K77: DISTANCIA (2) | L77: (1) * (2) | M77: TARIFA | N77: Vr. UNITARIO
B78: T0010062 | C78: Transporte de material de relleno | I78: m3-km | J78: 1.3 | K78: 16 | L78: =J78*K78 -> 20.8 | M78: =VLOOKUP(B78,[46]TRANSPORTE!$C$6:$F$40,4,0) -> 956.4823 | N78: =L78*M78 -> 19894.832
N79: =L79*M79 -> 0
N80: =L80*M80 -> 0
N81: =L81*M81 -> 0
N82: =L82*M82 -> 0
B83: SUBTOTAL $ | N83: =SUM(N78:N82) -> 19894.832
B85: IV. MANO DE OBRA
B87: CÓDIGO | C87: DESCRIPCIÓN | I87: JORNAL | J87: PRESTACIONES (%) | K87: JR. TOTAL | L87: RENDIMIENTO | N87: Vr. UNITARIO
B88: A0030030 | C88: Obrero (3) | I88: 117995.7 | J88: 185 | K88: 218292.04 | L88: 21 | N88: =K88/L88 -> 10394.859
B98: SUBTOTAL $ | N98: =SUM(N88:N97) -> 10394.859
B100: TOTAL COSTO DIRECTO $ | N100: =N53+N73+N83+N98 -> 62768.763
B102: V. COSTOS INDIRECTOS
B104: DESCRIPCIÓN | K104: Porcentaje | L104: Valor Total
B105: ADMINISTRACION | K105: 0.2 | L105: =K105*N100 -> 12553.753
B106: IMPREVISTOS | K106: 0.05 | L106: =K106*N100 -> 3138.4382
B107: UTILIDAD | K107: 0.05 | L107: =K107*N100 -> 3138.4382
B108: SUBTOTAL $ | N108: =L105+L106+L107 -> 18830.629
B110: Precio Unitario Total Aproximado al Peso $ | N110: =ROUND((N100+N108),0) -> 81599
E115: Firma
E116: Nombre:
E117: Representante Legal del Contratista o su Apoderado
E118: Matricula No. :
B120: OBSERVACIONES INTERVENTORÍA:
B125: APROBACIÓN POR INTERVENTORÍA
B126: Nota 1: Cuando se trate de Análisis de precios unitarios correspondientes a ítems de la propuesta económica aprobada, el Interventor aprueba el desglose de los componentes manteniendo el mismo precio unitario de cada ítem, cumpliendo con las especificaciones de construcción vigentes para el proyecto.
B128: Nota 2: Cuando se trate de Análisis de precios unitarios de ítems no previstos, el Interventor aprueba el desglose y precio unitario de cada ítem no previsto, exigiendo la aplicación de los costos correspondientes a insumos y tarifas de la propuesta económica inicial cuando estén contemplados, cumpliendo con las especificaciones de construcción vigente para el proyecto.
E134: Firma
E135: Nombre:
E136: Representante Legal del Interventor o su Apoderado
E137: Matricula No. :
B139: NOTA: Los documentos publicados periódicamente son propiedad del Instituto Nacional de Vías. Su uso con fines comerciales o de lucro a cualquier título sin previa autorización, está totalmente prohibido y constituye una infracción a la normatividad vigente.

Sheet 630.4.1
K1: CÓDIGO | L1: FR-APU-1
C2: INSTITUTO NACIONAL DE VIAS
C3: ANÁLISIS DE PRECIOS UNITARIOS DE REFERENCIA REGIONALIZADOS | K3: VERSIÓN | L3: 2021
C5: ACTUALIZACIÓN PERIÓDICA | K5: PÁGINA
K8: FECHA
L9: (Día) | M9: (Mes) | N9: (Año)
B10: ÍTEM BASE DE APU DE REFERENCIA: | E10: ⊠ | F10: PUBLICACIÓN: | H10: 2022-1 JUNIO 2022
B12: ÍTEM DE PROYECTO PARTICULAR:
B13: ÍTEM DE LA PROPUESTA ECONÓMICA: | E13: □ | H13: ÍTEM NO PREVISTO: | J13: □ | K13: ÍTEM APU PARTICULAR: | M13: □
B14: UNIDAD EJECUTORA: | J14: DIRECCIÓN TERRITORIAL:
B17: CONTRATO No. | D17: FECHA:
B18: OBJETO DEL CONTRATO:
B21: CARRETERA: | J21: SECTOR:
B23: CONTRATISTA:
B25: INTERVENTOR: | K25: CONTRATO No. | M25: FECHA: | N25: ______________
B27: FECHA DE CIERRE DEL PROCESO DE SELECCIÓN DEL CONTRATO: | I27: / | J27: /
F28: (Día) | H28: (Día) | I28: (Mes) | J28: (Año)
B30: DATOS ESPECÍFICOS
B32: ÍTEM | C32: DESCRIPCIÓN | J32: GRUPO DE AJUSTE | L32: UNIDAD | N32: CANTIDAD
B33: 630.4.1 | C33: CONCRETO RESISTENCIA 21MPa (D) - MEZCLA IN SITU | L33: m3
B35: I. EQUIPO
B37: CÓDIGO | C37: DESCRIPCIÓN | J37: TIPO | K37: TARIFA/HORA | L37: RENDIMIENTO | N37: Vr. UNITARIO
B38: C0010010 | C38: Aspersor manual de 20 litros | K38: =VLOOKUP(B38,[46]EQUIPOS!$C$6:$G$137,5,0) -> 3261.3336 | L38: 1 | N38: =K38*L38 -> 3261.3336
B39: C0010922 | C39: Vibrador de concreto, potencia aproximada de 3 hp, mangueras de 4 a 6 metros | K39: =VLOOKUP(B39,[46]EQUIPOS!$C$6:$G$137,5,0) -> 8942.3664 | L39: 1 | N39: =K39*L39 -> 8942.3664
B40: C0010665 | C40: Planta dosificadora (mezcladora) de concreto | K40: =VLOOKUP(B40,[46]EQUIPOS!$C$6:$G$137,5,0) -> 140793.57 | L40: 1 | N40: =K40*L40 -> 140793.57
N41: =K41*L41 -> 0
N42: =K42*L42 -> 0
N43: =K43*L43 -> 0
N44: =K44*L44 -> 0
N45: =K45*L45 -> 0
N46: =K46*L46 -> 0
N47: =K47*L47 -> 0
N48: =K48*L48 -> 0
N49: =K49*L49 -> 0
N50: =K50*L50 -> 0
N51: =K51*L51 -> 0
C52: HERRAMIENTA MENOR (%) | L52: 0.05 | N52: =L52*N98 -> 4411.3187
B53: SUBTOTAL $ | N53: =SUM(N38:N52) -> 157408.58
B55: II. MATERIALES
B57: CÓDIGO | C57: DESCRIPCIÓN | J57: UNIDAD | K57: CANTIDAD | L57: PRECIO UNIT. | N57: Vr. UNITARIO
B58: B0063290 | C58: Emulsion acuosa de parafina para curado de concreto, que evite la pérdida prematura de humedad de concretos y morteros | J58: kg | K58: 1 | L58: =VLOOKUP(B58,[46]MATERIALES!$C$6:$F$373,4,0) -> 7237.1546 | N58: =K58*L58 -> 7237.1546
B59: B021000 | C59: Formaleta de madera para concreto | J59: m2 | K59: 4.71 | L59: =VLOOKUP(B59,[46]MATERIALES!$C$6:$F$373,4,0) -> 20450.496 | N59: =K59*L59 -> 96321.836
B60: B0063200 | C60: Agua | J60: L | K60: 167.175 | L60: =VLOOKUP(B60,[46]MATERIALES!$C$6:$F$373,4,0) -> 53.112833 | N60: =K60*L60 -> 8879.1378
B61: B0053103 | C61: Agregado grueso (grava, grava triturada y/o roca triturada) | J61: m3 | K61: 0.779 | L61: =VLOOKUP(B61,[46]MATERIALES!$C$6:$F$373,4,0) -> 56869.27 | N61: =K61*L61 -> 44301.161
B62: B0053101 | C62: Agregado fino para concreto (tamaño máximo 4,75mm - arena natural o trituración de roca, gravas, y/o escorias) | J62: m3 | K62: 0.585 | L62: =VLOOKUP(B62,[46]MATERIALES!$C$6:$F$373,4,0) -> 52494.711 | N62: =K62*L62 -> 30709.406
B63: B0103569 | C63: Cemento hidraulico NTC 121 tipo UG | J63: kg | K63: 358.925 | L63: =VLOOKUP(B63,[46]MATERIALES!$C$6:$F$373,4,0) -> 612.79382 | N63: =K63*L63 -> 219947.02
N64: =K64*L64 -> 0
N65: =K65*L65 -> 0
N66: =K66*L66 -> 0
N67: =K67*L67 -> 0
N68: =K68*L68 -> 0
N69: =K69*L69 -> 0
N70: =K70*L70 -> 0
N71: =K71*L71 -> 0
N72: =K72*L72 -> 0
B73: SUBTOTAL $ | N73: =SUM(N58:N72) -> 407395.72
B75: III. TRANSPORTES
B77: CÓDIGO | C77: DESCRIPCIÓN | I77: UNIDAD | J77: CANTIDAD (1) | K77: DISTANCIA (2) | L77: (1) * (2) | M77: TARIFA | N77: Vr. UNITARIO
B78: T0010400 | C78: Transporte de agregados | I78: m3-km | J78: =K61+K62 -> 1.364 | K78: 16 | L78: =J78*K78 -> 21.824 | M78: =VLOOKUP(B78,[46]TRANSPORTE!$C$6:$F$40,4,0) -> 1026.9387 | N78: =L78*M78 -> 22411.909
N79: =L79*M79 -> 0
N80: =L80*M80 -> 0
N81: =L81*M81 -> 0
N82: =L82*M82 -> 0
B83: SUBTOTAL $ | N83: =SUM(N78:N82) -> 22411.909
B85: IV. MANO DE OBRA
B87: CÓDIGO | C87: DESCRIPCIÓN | I87: JORNAL | J87: PRESTACIONES (%) | K87: JR. TOTAL | L87: RENDIMIENTO | N87: Vr. UNITARIO
B88: A0030080 | C88: Obrero (8) | I88: 314655.22 | J88: 185 | K88: 582112.15 | L88: 8 | N88: =K88/L88 -> 72764.019
B89: A0040010 | C89: Oficial | I89: 66864.234 | J89: 185 | K89: 123698.83 | L89: 8 | N89: =K89/L89 -> 15462.354
B98: SUBTOTAL $ | N98: =SUM(N88:N97) -> 88226.373
B100: TOTAL COSTO DIRECTO $ | N100: =N53+N73+N83+N98 -> 675442.58
B102: V. COSTOS INDIRECTOS
B104: DESCRIPCIÓN | K104: Porcentaje | L104: Valor Total
B105: ADMINISTRACION | K105: 0.2 | L105: =K105*N100 -> 135088.52
B106: IMPREVISTOS | K106: 0.05 | L106: =K106*N100 -> 33772.129
B107: UTILIDAD | K107: 0.05 | L107: =K107*N100 -> 33772.129
B108: SUBTOTAL $ | N108: =L105+L106+L107 -> 202632.78
B110: Precio Unitario Total Aproximado al Peso $ | N110: =ROUND((N100+N108),0) -> 878075
E115: Firma
E116: Nombre:
E117: Representante Legal del Contratista o su Apoderado
E118: Matricula No. :
B120: OBSERVACIONES INTERVENTORÍA:
B125: APROBACIÓN POR INTERVENTORÍA
B126: Nota 1: Cuando se trate de Análisis de precios unitarios correspondientes a ítems de la propuesta económica aprobada, el Interventor aprueba el desglose de los componentes manteniendo el mismo precio unitario de cada ítem, cumpliendo con las especificaciones de construcción vigentes para el proyecto.
B128: Nota 2: Cuando se trate de Análisis de precios unitarios de ítems no previstos, el Interventor aprueba el desglose y precio unitario de cada ítem no previsto, exigiendo la aplicación de los costos correspondientes a insumos y tarifas de la propuesta económica inicial cuando estén contemplados, cumpliendo con las especificaciones de construcción vigente para el proyecto.
E134: Firma
E135: Nombre:
E136: Representante Legal del Interventor o su Apoderado
E137: Matricula No. :
B139: NOTA: Los documentos publicados periódicamente son propiedad del Instituto Nacional de Vías. Su uso con fines comerciales o de lucro a cualquier título sin previa autorización, está totalmente prohibido y constituye una infracción a la normatividad vigente.

Sheet 630.6
K1: CÓDIGO | L1: FR-APU-1
C2: INSTITUTO NACIONAL DE VIAS
C3: ANÁLISIS DE PRECIOS UNITARIOS DE REFERENCIA REGIONALIZADOS | K3: VERSIÓN | L3: 2021
C5: ACTUALIZACIÓN PERIÓDICA | K5: PÁGINA
K8: FECHA
L9: (Día) | M9: (Mes) | N9: (Año)
B10: ÍTEM BASE DE APU DE REFERENCIA: | E10: ⊠ | F10: PUBLICACIÓN: | H10: 2022-1 JUNIO 2022
B12: ÍTEM DE PROYECTO PARTICULAR:
B13: ÍTEM DE LA PROPUESTA ECONÓMICA: | E13: □ | H13: ÍTEM NO PREVISTO: | J13: □ | K13: ÍTEM APU PARTICULAR: | M13: □
B14: UNIDAD EJECUTORA: | J14: DIRECCIÓN TERRITORIAL:
B17: CONTRATO No. | D17: FECHA:
B18: OBJETO DEL CONTRATO:
B21: CARRETERA: | J21: SECTOR:
B23: CONTRATISTA:
B25: INTERVENTOR: | K25: CONTRATO No. | M25: FECHA: | N25: ______________
B27: FECHA DE CIERRE DEL PROCESO DE SELECCIÓN DEL CONTRATO: | I27: / | J27: /
F28: (Día) | H28: (Día) | I28: (Mes) | J28: (Año)
B30: DATOS ESPECÍFICOS
B32: ÍTEM | C32: DESCRIPCIÓN | J32: GRUPO DE AJUSTE | L32: UNIDAD | N32: CANTIDAD
B33: 630.6 | C33: CONCRETO RESISTENCIA 14MPa (F) | L33: m3
B35: I. EQUIPO
B37: CÓDIGO | C37: DESCRIPCIÓN | J37: TIPO | K37: TARIFA/HORA | L37: RENDIMIENTO | N37: Vr. UNITARIO
B38: C0010550 | C38: Mezcladora de concreto tipo trompo | K38: 5559.9075 | L38: =1/1 -> 1 | N38: =K38*L38 -> 5559.9075
N39: =K39*L39 -> 0
N40: =K40*L40 -> 0
N41: =K41*L41 -> 0
N42: =K42*L42 -> 0
N43: =K43*L43 -> 0
N44: =K44*L44 -> 0
N45: =K45*L45 -> 0
N46: =K46*L46 -> 0
N47: =K47*L47 -> 0
N48: =K48*L48 -> 0
N49: =K49*L49 -> 0
N50: =K50*L50 -> 0
N51: =K51*L51 -> 0
C52: HERRAMIENTA MENOR (%) | L52: 0.05 | N52: =L52*N98 -> 3738.5417
B53: SUBTOTAL $ | N53: =SUM(N38:N52) -> 9298.4491
B55: II. MATERIALES
B57: CÓDIGO | C57: DESCRIPCIÓN | J57: UNIDAD | K57: CANTIDAD | L57: PRECIO UNIT. | N57: Vr. UNITARIO
B58: B0053103 | C58: Agregado grueso (grava, grava triturada y/o roca triturada) | J58: m3 | K58: 0.84 | L58: =VLOOKUP(B58,[46]MATERIALES!$C$6:$F$373,4,0) -> 56869.27 | N58: =K58*L58 -> 47770.187
B59: B0063200 | C59: Agua | J59: L | K59: 185 | L59: =VLOOKUP(B59,[46]MATERIALES!$C$6:$F$373,4,0) -> 53.112833 | N59: =K59*L59 -> 9825.8741
B60: B0053101 | C60: Agregado fino para concreto (tamaño máximo 4,75mm - arena natural o trituración de roca, gravas, y/o escorias) | J60: m3 | K60: 0.63 | L60: =VLOOKUP(B60,[46]MATERIALES!$C$6:$F$373,4,0) -> 52494.711 | N60: =K60*L60 -> 33071.668
B61: B0103569 | C61: Cemento hidraulico NTC 121 tipo UG | J61: kg | K61: 260 | L61: =VLOOKUP(B61,[46]MATERIALES!$C$6:$F$373,4,0) -> 612.79382 | N61: =K61*L61 -> 159326.39
N62: =K62*L62 -> 0
N63: =K63*L63 -> 0
N64: =K64*L64 -> 0
N65: =K65*L65 -> 0
N66: =K66*L66 -> 0
N67: =K67*L67 -> 0
N68: =K68*L68 -> 0
N69: =K69*L69 -> 0
N70: =K70*L70 -> 0
N71: =K71*L71 -> 0
N72: =K72*L72 -> 0
B73: SUBTOTAL $ | N73: =SUM(N58:N72) -> 249994.12
B75: III. TRANSPORTES
B77: CÓDIGO | C77: DESCRIPCIÓN | I77: UNIDAD | J77: CANTIDAD (1) | K77: DISTANCIA (2) | L77: (1) * (2) | M77: TARIFA | N77: Vr. UNITARIO
B78: T0010400 | C78: Transporte de agregados | I78: m3-km | J78: =K58+K60 -> 1.47 | K78: 16 | L78: =J78*K78 -> 23.52 | M78: =VLOOKUP(B78,[46]TRANSPORTE!$C$6:$F$40,4,0) -> 1026.9387 | N78: =L78*M78 -> 24153.597
N79: =L79*M79 -> 0
N80: =L80*M80 -> 0
N81: =L81*M81 -> 0
N82: =L82*M82 -> 0
B83: SUBTOTAL $ | N83: =SUM(N78:N82) -> 24153.597
B85: IV. MANO DE OBRA
B87: CÓDIGO | C87: DESCRIPCIÓN | I87: JORNAL | J87: PRESTACIONES (%) | K87: JR. TOTAL | L87: RENDIMIENTO | N87: Vr. UNITARIO
B88: A0030080 | C88: Obrero (8) | I88: =K88/J88*100 -> 266666.67 | J88: 185 | K88: =VLOOKUP(B88,'[46]MANO DE OBRA'!$C$15:$F$79,4,0) -> 493333.33 | L88: 8 | N88: =K88/L88 -> 61666.667
B89: A0040010 | C89: Oficial | I89: =K89/J89*100 -> 56666.667 | J89: 185 | K89: =VLOOKUP(B89,'[46]MANO DE OBRA'!$C$15:$F$79,4,0) -> 104833.33 | L89: 8 | N89: =K89/L89 -> 13104.167
B98: SUBTOTAL $ | N98: =SUM(N88:N97) -> 74770.833
B100: TOTAL COSTO DIRECTO $ | N100: =N53+N73+N83+N98 -> 358217
B102: V. COSTOS INDIRECTOS
B104: DESCRIPCIÓN | K104: Porcentaje | L104: Valor Total
B105: ADMINISTRACION | K105: 0.2 | L105: =K105*N100 -> 71643.4
B106: IMPREVISTOS | K106: 0.05 | L106: =K106*N100 -> 17910.85
B107: UTILIDAD | K107: 0.05 | L107: =K107*N100 -> 17910.85
B108: SUBTOTAL $ | N108: =L105+L106+L107 -> 107465.1
B110: Precio Unitario Total Aproximado al Peso $ | N110: =ROUND((N100+N108),0) -> 465682
E115: Firma
E116: Nombre:
E117: Representante Legal del Contratista o su Apoderado
E118: Matricula No. :
B120: OBSERVACIONES INTERVENTORÍA:
B125: APROBACIÓN POR INTERVENTORÍA
B126: Nota 1: Cuando se trate de Análisis de precios unitarios correspondientes a ítems de la propuesta económica aprobada, el Interventor aprueba el desglose de los componentes manteniendo el mismo precio unitario de cada ítem, cumpliendo con las especificaciones de construcción vigentes para el proyecto.
B128: Nota 2: Cuando se trate de Análisis de precios unitarios de ítems no previstos, el Interventor aprueba el desglose y precio unitario de cada ítem no previsto, exigiendo la aplicación de los costos correspondientes a insumos y tarifas de la propuesta económica inicial cuando estén contemplados, cumpliendo con las especificaciones de construcción vigente para el proyecto.
E134: Firma
E135: Nombre:
E136: Representante Legal del Interventor o su Apoderado
E137: Matricula No. :
B139: NOTA: Los documentos publicados periódicamente son propiedad del Instituto Nacional de Vías. Su uso con fines comerciales o de lucro a cualquier título sin previa autorización, está totalmente prohibido y constituye una infracción a la normatividad vigente.

Sheet 640.1
K1: CÓDIGO | L1: FR-APU-1
C2: INSTITUTO NACIONAL DE VIAS
C3: ANÁLISIS DE PRECIOS UNITARIOS DE REFERENCIA REGIONALIZADOS | K3: VERSIÓN | L3: 2021
C5: ACTUALIZACIÓN PERIÓDICA | K5: PÁGINA
K8: FECHA
L9: (Día) | M9: (Mes) | N9: (Año)
B10: ÍTEM BASE DE APU DE REFERENCIA: | E10: ⊠ | F10: PUBLICACIÓN: | H10: 2022-1 JUNIO 2022
B12: ÍTEM DE PROYECTO PARTICULAR:
B13: ÍTEM DE LA PROPUESTA ECONÓMICA: | E13: □ | H13: ÍTEM NO PREVISTO: | J13: □ | K13: ÍTEM APU PARTICULAR: | M13: □
B14: UNIDAD EJECUTORA: | J14: DIRECCIÓN TERRITORIAL:
B17: CONTRATO No. | D17: FECHA:
B18: OBJETO DEL CONTRATO:
B21: CARRETERA: | J21: SECTOR:
B23: CONTRATISTA:
B25: INTERVENTOR: | K25: CONTRATO No. | M25: FECHA: | N25: ______________
B27: FECHA DE CIERRE DEL PROCESO DE SELECCIÓN DEL CONTRATO: | I27: / | J27: /
F28: (Día) | H28: (Día) | I28: (Mes) | J28: (Año)
B30: DATOS ESPECÍFICOS
B32: ÍTEM | C32: DESCRIPCIÓN | J32: GRUPO DE AJUSTE | L32: UNIDAD | N32: CANTIDAD
B33: 640.1 | C33: ACERO DE REFUERZO Fy 4200 MPa | L33: kg
B35: I. EQUIPO
B37: CÓDIGO | C37: DESCRIPCIÓN | J37: TIPO | K37: TARIFA/HORA | L37: RENDIMIENTO | N37: Vr. UNITARIO
B38: C0010170 | C38: Cizalla manual de 90 cm | K38: =VLOOKUP(B38,[46]EQUIPOS!$C$6:$G$137,5,0) -> 1716.9343 | L38: =1/38.125 -> 0.026229508 | N38: =K38*L38 -> 45.034343
N39: =K39*L39 -> 0
N40: =K40*L40 -> 0
N41: =K41*L41 -> 0
N42: =K42*L42 -> 0
N43: =K43*L43 -> 0
N44: =K44*L44 -> 0
N45: =K45*L45 -> 0
N46: =K46*L46 -> 0
N47: =K47*L47 -> 0
N48: =K48*L48 -> 0
N49: =K49*L49 -> 0
N50: =K50*L50 -> 0
N51: =K51*L51 -> 0
C52: HERRAMIENTA MENOR (%) | L52: 0.02 | N52: =L52*N98 -> 12.88281
B53: SUBTOTAL $ | N53: =SUM(N38:N52) -> 57.917153
B55: II. MATERIALES
B57: CÓDIGO | C57: DESCRIPCIÓN | J57: UNIDAD | K57: CANTIDAD | L57: PRECIO UNIT. | N57: Vr. UNITARIO
B58: B0020003 | C58: Acero de refuerzo PDR-60, Fy: 4200 kg/cm2 | J58: kg | K58: 1.051 | L58: =VLOOKUP(B58,[46]MATERIALES!$C$6:$F$373,4,0) -> 4935.0858 | N58: =K58*L58 -> 5186.7752
B59: B0073230 | C59: Alambre negro para amarre calibre 18 | J59: kg | K59: 0.0376 | L59: =VLOOKUP(B59,[46]MATERIALES!$C$6:$F$373,4,0) -> 8440.1236 | N59: =K59*L59 -> 317.34865
N60: =K60*L60 -> 0
N61: =K61*L61 -> 0
N62: =K62*L62 -> 0
N63: =K63*L63 -> 0
N64: =K64*L64 -> 0
N65: =K65*L65 -> 0
N66: =K66*L66 -> 0
N67: =K67*L67 -> 0
N68: =K68*L68 -> 0
N69: =K69*L69 -> 0
N70: =K70*L70 -> 0
N71: =K71*L71 -> 0
N72: =K72*L72 -> 0
B73: SUBTOTAL $ | N73: =SUM(N58:N72) -> 5504.1238
B75: III. TRANSPORTES
B77: CÓDIGO | C77: DESCRIPCIÓN | I77: UNIDAD | J77: CANTIDAD (1) | K77: DISTANCIA (2) | L77: (1) * (2) | M77: TARIFA | N77: Vr. UNITARIO
B78: T0100002 | C78: Transporte de acero | I78: kg-km | J78: 1.051 | K78: 4 | L78: =J78*K78 -> 4.204 | M78: =VLOOKUP(B78,[46]TRANSPORTE!$C$6:$F$40,4,0) -> 0.71502027 | N78: =L78*M78 -> 3.0059452
N79: =L79*M79 -> 0
N80: =L80*M80 -> 0
N81: =L81*M81 -> 0
N82: =L82*M82 -> 0
B83: SUBTOTAL $ | N83: =SUM(N78:N82) -> 3.0059452
B85: IV. MANO DE OBRA
B87: CÓDIGO | C87: DESCRIPCIÓN | I87: JORNAL | J87: PRESTACIONES (%) | K87: JR. TOTAL | L87: RENDIMIENTO | N87: Vr. UNITARIO
B88: A0030010 | C88: Obrero | I88: 39331.902 | J88: 185 | K88: 72764.019 | L88: 305 | N88: =K88/L88 -> 238.57055
B89: A0040010 | C89: Oficial | I89: 66864.234 | J89: 185 | K89: 123698.83 | L89: 305 | N89: =K89/L89 -> 405.56994
B98: SUBTOTAL $ | N98: =SUM(N88:N97) -> 644.1405
B100: TOTAL COSTO DIRECTO $ | N100: =N53+N73+N83+N98 -> 6209.1874
B102: V. COSTOS INDIRECTOS
B104: DESCRIPCIÓN | K104: Porcentaje | L104: Valor Total
B105: ADMINISTRACION | K105: 0.2 | L105: =K105*N100 -> 1241.8375
B106: IMPREVISTOS | K106: 0.05 | L106: =K106*N100 -> 310.45937
B107: UTILIDAD | K107: 0.05 | L107: =K107*N100 -> 310.45937
B108: SUBTOTAL $ | N108: =L105+L106+L107 -> 1862.7562
B110: Precio Unitario Total Aproximado al Peso $ | N110: =ROUND((N100+N108),0) -> 8072
E115: Firma
E116: Nombre:
E117: Representante Legal del Contratista o su Apoderado
E118: Matricula No. :
B120: OBSERVACIONES INTERVENTORÍA:
B125: APROBACIÓN POR INTERVENTORÍA
B126: Nota 1: Cuando se trate de Análisis de precios unitarios correspondientes a ítems de la propuesta económica aprobada, el Interventor aprueba el desglose de los componentes manteniendo el mismo precio unitario de cada ítem, cumpliendo con las especificaciones de construcción vigentes para el proyecto.
B128: Nota 2: Cuando se trate de Análisis de precios unitarios de ítems no previstos, el Interventor aprueba el desglose y precio unitario de cada ítem no previsto, exigiendo la aplicación de los costos correspondientes a insumos y tarifas de la propuesta económica inicial cuando estén contemplados, cumpliendo con las especificaciones de construcción vigente para el proyecto.
E134: Firma
E135: Nombre:
E136: Representante Legal del Interventor o su Apoderado
E137: Matricula No. :
B139: NOTA: Los documentos publicados periódicamente son propiedad del Instituto Nacional de Vías. Su uso con fines comerciales o de lucro a cualquier título sin previa autorización, está totalmente prohibido y constituye una infracción a la normatividad vigente.

Sheet 640.2
K1: CÓDIGO | L1: FR-APU-1
C2: INSTITUTO NACIONAL DE VIAS
C3: ANÁLISIS DE PRECIOS UNITARIOS DE REFERENCIA REGIONALIZADOS | K3: VERSIÓN | L3: 2021
C5: ACTUALIZACIÓN PERIÓDICA | K5: PÁGINA
K8: FECHA
L9: (Día) | M9: (Mes) | N9: (Año)
B10: ÍTEM BASE DE APU DE REFERENCIA: | E10: ⊠ | F10: PUBLICACIÓN: | H10: 2022-1 JUNIO 2022
B12: ÍTEM DE PROYECTO PARTICULAR:
B13: ÍTEM DE LA PROPUESTA ECONÓMICA: | E13: □ | H13: ÍTEM NO PREVISTO: | J13: □ | K13: ÍTEM APU PARTICULAR: | M13: □
B14: UNIDAD EJECUTORA: | J14: DIRECCIÓN TERRITORIAL:
B17: CONTRATO No. | D17: FECHA:
B18: OBJETO DEL CONTRATO:
B21: CARRETERA: | J21: SECTOR:
B23: CONTRATISTA:
B25: INTERVENTOR: | K25: CONTRATO No. | M25: FECHA: | N25: ______________
B27: FECHA DE CIERRE DEL PROCESO DE SELECCIÓN DEL CONTRATO: | I27: / | J27: /
F28: (Día) | H28: (Día) | I28: (Mes) | J28: (Año)
B30: DATOS ESPECÍFICOS
B32: ÍTEM | C32: DESCRIPCIÓN | J32: GRUPO DE AJUSTE | L32: UNIDAD | N32: CANTIDAD
B33: 640.2 | C33: MALLA DE REFUERZO Fy 4200 MPa | L33: kg
B35: I. EQUIPO
B37: CÓDIGO | C37: DESCRIPCIÓN | J37: TIPO | K37: TARIFA/HORA | L37: RENDIMIENTO | N37: Vr. UNITARIO
B38: C0010170 | C38: Cizalla manual de 90 cm | K38: =VLOOKUP(B38,[46]EQUIPOS!$C$6:$G$137,5,0) -> 1716.9343 | L38: 0.026 | N38: =K38*L38 -> 44.640293
N39: =K39*L39 -> 0
N40: =K40*L40 -> 0
N41: =K41*L41 -> 0
N42: =K42*L42 -> 0
N43: =K43*L43 -> 0
N44: =K44*L44 -> 0
N45: =K45*L45 -> 0
N46: =K46*L46 -> 0
N47: =K47*L47 -> 0
N48: =K48*L48 -> 0
N49: =K49*L49 -> 0
N50: =K50*L50 -> 0
N51: =K51*L51 -> 0
C52: HERRAMIENTA MENOR (%) | L52: 0.02 | N52: =L52*N98 -> 19.646285
B53: SUBTOTAL $ | N53: =SUM(N38:N52) -> 64.286578
B55: II. MATERIALES
B57: CÓDIGO | C57: DESCRIPCIÓN | J57: UNIDAD | K57: CANTIDAD | L57: PRECIO UNIT. | N57: Vr. UNITARIO
B58: B0020002 | C58: Acero A-40 | J58: kg | K58: 1.05 | L58: =VLOOKUP(B58,[46]MATERIALES!$C$6:$F$373,4,0) -> 4248.5988 | N58: =K58*L58 -> 4461.0288
B59: B0073230 | C59: Alambre negro para amarre calibre 18 | J59: kg | K59: 0.03 | L59: =VLOOKUP(B59,[46]MATERIALES!$C$6:$F$373,4,0) -> 8440.1236 | N59: =K59*L59 -> 253.20371
N60: =K60*L60 -> 0
N61: =K61*L61 -> 0
N62: =K62*L62 -> 0
N63: =K63*L63 -> 0
N64: =K64*L64 -> 0
N65: =K65*L65 -> 0
N66: =K66*L66 -> 0
N67: =K67*L67 -> 0
N68: =K68*L68 -> 0
N69: =K69*L69 -> 0
N70: =K70*L70 -> 0
N71: =K71*L71 -> 0
N72: =K72*L72 -> 0
B73: SUBTOTAL $ | N73: =SUM(N58:N72) -> 4714.2325
B75: III. TRANSPORTES
B77: CÓDIGO | C77: DESCRIPCIÓN | I77: UNIDAD | J77: CANTIDAD (1) | K77: DISTANCIA (2) | L77: (1) * (2) | M77: TARIFA | N77: Vr. UNITARIO
B78: T0100002 | C78: Transporte de acero | I78: kg-km | J78: 1.05 | K78: 4 | L78: =J78*K78 -> 4.2 | M78: 0.73 | N78: =L78*M78 -> 3.066
N79: =L79*M79 -> 0
N80: =L80*M80 -> 0
N81: =L81*M81 -> 0
N82: =L82*M82 -> 0
B83: SUBTOTAL $ | N83: =SUM(N78:N82) -> 3.066
B85: IV. MANO DE OBRA
B87: CÓDIGO | C87: DESCRIPCIÓN | I87: JORNAL | J87: PRESTACIONES (%) | K87: JR. TOTAL | L87: RENDIMIENTO | N87: Vr. UNITARIO
B88: A0030010 | C88: Obrero | I88: 39331.902 | J88: 185 | K88: 72764.019 | L88: 200 | N88: =K88/L88 -> 363.8201
B89: A0040010 | C89: Oficial | I89: 66864.234 | J89: 185 | K89: 123698.83 | L89: 200 | N89: =K89/L89 -> 618.49416
B98: SUBTOTAL $ | N98: =SUM(N88:N97) -> 982.31426
B100: TOTAL COSTO DIRECTO $ | N100: =N53+N73+N83+N98 -> 5763.8993
B102: V. COSTOS INDIRECTOS
B104: DESCRIPCIÓN | K104: Porcentaje | L104: Valor Total
B105: ADMINISTRACION | K105: 0.2 | L105: =K105*N100 -> 1152.7799
B106: IMPREVISTOS | K106: 0.05 | L106: =K106*N100 -> 288.19497
B107: UTILIDAD | K107: 0.05 | L107: =K107*N100 -> 288.19497
B108: SUBTOTAL $ | N108: =L105+L106+L107 -> 1729.1698
B110: Precio Unitario Total Aproximado al Peso $ | N110: =ROUND((N100+N108),0) -> 7493
E115: Firma
E116: Nombre:
E117: Representante Legal del Contratista o su Apoderado
E118: Matricula No. :
B120: OBSERVACIONES INTERVENTORÍA:
B125: APROBACIÓN POR INTERVENTORÍA
B126: Nota 1: Cuando se trate de Análisis de precios unitarios correspondientes a ítems de la propuesta económica aprobada, el Interventor aprueba el desglose de los componentes manteniendo el mismo precio unitario de cada ítem, cumpliendo con las especificaciones de construcción vigentes para el proyecto.
B128: Nota 2: Cuando se trate de Análisis de precios unitarios de ítems no previstos, el Interventor aprueba el desglose y precio unitario de cada ítem no previsto, exigiendo la aplicación de los costos correspondientes a insumos y tarifas de la propuesta económica inicial cuando estén contemplados, cumpliendo con las especificaciones de construcción vigente para el proyecto.
E134: Firma
E135: Nombre:
E136: Representante Legal del Interventor o su Apoderado
E137: Matricula No. :
B139: NOTA: Los documentos publicados periódicamente son propiedad del Instituto Nacional de Vías. Su uso con fines comerciales o de lucro a cualquier título sin previa autorización, está totalmente prohibido y constituye una infracción a la normatividad vigente.

Sheet 661.2
K1: CÓDIGO | L1: FR-APU-1
C2: INSTITUTO NACIONAL DE VIAS
C3: ANÁLISIS DE PRECIOS UNITARIOS DE REFERENCIA REGIONALIZADOS | K3: VERSIÓN | L3: 2021
C5: ACTUALIZACIÓN PERIÓDICA | K5: PÁGINA
K8: FECHA
L9: (Día) | M9: (Mes) | N9: (Año)
B10: ÍTEM BASE DE APU DE REFERENCIA: | E10: ⊠ | F10: PUBLICACIÓN: | H10: 2022-1 JUNIO 2022
B12: ÍTEM DE PROYECTO PARTICULAR:
B13: ÍTEM DE LA PROPUESTA ECONÓMICA: | E13: □ | H13: ÍTEM NO PREVISTO: | J13: □ | K13: ÍTEM APU PARTICULAR: | M13: □
B14: UNIDAD EJECUTORA: | J14: DIRECCIÓN TERRITORIAL:
B17: CONTRATO No. | D17: FECHA:
B18: OBJETO DEL CONTRATO:
B21: CARRETERA: | J21: SECTOR:
B23: CONTRATISTA:
B25: INTERVENTOR: | K25: CONTRATO No. | M25: FECHA: | N25: ______________
B27: FECHA DE CIERRE DEL PROCESO DE SELECCIÓN DEL CONTRATO: | I27: / | J27: /
F28: (Día) | H28: (Día) | I28: (Mes) | J28: (Año)
B30: DATOS ESPECÍFICOS
B32: ÍTEM | C32: DESCRIPCIÓN | J32: GRUPO DE AJUSTE | L32: UNIDAD | N32: CANTIDAD
B33: 661.2 | C33: TUBERIA DE CONCRETO REFORZADO, CLASE II DE 900mm DE DIAMETRO INTERIOR | L33: m
B35: I. EQUIPO
B37: CÓDIGO | C37: DESCRIPCIÓN | J37: TIPO | K37: TARIFA/HORA | L37: RENDIMIENTO | N37: Vr. UNITARIO
B38: C0010300 | C38: Diferencial de 2 toneladas | K38: 2352.2685 | L38: =1/3 -> 0.33333333 | N38: =K38*L38 -> 784.08951
B39: C0010115 | C39: Camión grúa capacidad 5 toneladas | K39: 80190.973 | L39: =1/3 -> 0.33333333 | N39: =K39*L39 -> 26730.324
N40: =K40*L40 -> 0
N41: =K41*L41 -> 0
N42: =K42*L42 -> 0
N43: =K43*L43 -> 0
N44: =K44*L44 -> 0
N45: =K45*L45 -> 0
N46: =K46*L46 -> 0
N47: =K47*L47 -> 0
N48: =K48*L48 -> 0
N49: =K49*L49 -> 0
N50: =K50*L50 -> 0
N51: =K51*L51 -> 0
C52: HERRAMIENTA MENOR (%) | L52: 0.1 | N52: =L52*N98 -> 2592.2182
B53: SUBTOTAL $ | N53: =SUM(N38:N52) -> 30106.632
B55: II. MATERIALES
B57: CÓDIGO | C57: DESCRIPCIÓN | J57: UNIDAD | K57: CANTIDAD | L57: PRECIO UNIT. | N57: Vr. UNITARIO
B58: B0014610 | C58: Mortero 1:3 para juntas | J58: m3 | K58: 0.03 | L58: =VLOOKUP(B58,[46]MATERIALES!$C$6:$F$373,4,0) -> 314940.55 | N58: =K58*L58 -> 9448.2164
B59: B0015250 | C59: Tubo concreto reforzado 900mm (clase II) | J59: m | K59: 1 | L59: =VLOOKUP(B59,[46]MATERIALES!$C$6:$F$373,4,0) -> 575051.18 | N59: =K59*L59 -> 575051.18
B60: B0014402 | C60: Material para solado y atraque (puesto en obra) | J60: m3 | K60: 0.46 | L60: =1.0562*26188.7578075917 -> 27660.566 | N60: =K60*L60 -> 12723.86
N61: =K61*L61 -> 0
N62: =K62*L62 -> 0
N63: =K63*L63 -> 0
N64: =K64*L64 -> 0
N65: =K65*L65 -> 0
N66: =K66*L66 -> 0
N67: =K67*L67 -> 0
N68: =K68*L68 -> 0
N69: =K69*L69 -> 0
N70: =K70*L70 -> 0
N71: =K71*L71 -> 0
N72: =K72*L72 -> 0
B73: SUBTOTAL $ | N73: =SUM(N58:N72) -> 597223.26
B75: III. TRANSPORTES
B77: CÓDIGO | C77: DESCRIPCIÓN | I77: UNIDAD | J77: CANTIDAD (1) | K77: DISTANCIA (2) | L77: (1) * (2) | M77: TARIFA | N77: Vr. UNITARIO
B78: T0010115 | C78: Transporte de tubería de concreto | I78: kg-km | J78: 771 | K78: 4 | L78: =J78*K78 -> 3084 | M78: 3.18 | N78: =L78*M78 -> 9807.12
N79: =L79*M79 -> 0
N80: =L80*M80 -> 0
N81: =L81*M81 -> 0
N82: =L82*M82 -> 0
B83: SUBTOTAL $ | N83: =SUM(N78:N82) -> 9807.12
B85: IV. MANO DE OBRA
B87: CÓDIGO | C87: DESCRIPCIÓN | I87: JORNAL | J87: PRESTACIONES (%) | K87: JR. TOTAL | L87: RENDIMIENTO | N87: Vr. UNITARIO
B88: A0030040 | C88: Obrero (4) | I88: 157327.61 | J88: 185 | K88: 291056.08 | L88: 16 | N88: =K88/L88 -> 18191.005
B89: A0040010 | C89: Oficial | I89: 66864.234 | J89: 185 | K89: 123698.83 | L89: 16 | N89: =K89/L89 -> 7731.177
B98: SUBTOTAL $ | N98: =SUM(N88:N97) -> 25922.182
B100: TOTAL COSTO DIRECTO $ | N100: =N53+N73+N83+N98 -> 663059.19
B102: V. COSTOS INDIRECTOS
B104: DESCRIPCIÓN | K104: Porcentaje | L104: Valor Total
B105: ADMINISTRACION | K105: 0.2 | L105: =K105*N100 -> 132611.84
B106: IMPREVISTOS | K106: 0.05 | L106: =K106*N100 -> 33152.96
B107: UTILIDAD | K107: 0.05 | L107: =K107*N100 -> 33152.96
B108: SUBTOTAL $ | N108: =L105+L106+L107 -> 198917.76
B110: Precio Unitario Total Aproximado al Peso $ | N110: =ROUND((N100+N108),0) -> 861977
E115: Firma
E116: Nombre:
E117: Representante Legal del Contratista o su Apoderado
E118: Matricula No. :
B120: OBSERVACIONES INTERVENTORÍA:
B125: APROBACIÓN POR INTERVENTORÍA
B126: Nota 1: Cuando se trate de Análisis de precios unitarios correspondientes a ítems de la propuesta económica aprobada, el Interventor aprueba el desglose de los componentes manteniendo el mismo precio unitario de cada ítem, cumpliendo con las especificaciones de construcción vigentes para el proyecto.
B128: Nota 2: Cuando se trate de Análisis de precios unitarios de ítems no previstos, el Interventor aprueba el desglose y precio unitario de cada ítem no previsto, exigiendo la aplicación de los costos correspondientes a insumos y tarifas de la propuesta económica inicial cuando estén contemplados, cumpliendo con las especificaciones de construcción vigente para el proyecto.
E134: Firma
E135: Nombre:
E136: Representante Legal del Interventor o su Apoderado
E137: Matricula No. :
B139: NOTA: Los documentos publicados periódicamente son propiedad del Instituto Nacional de Vías. Su uso con fines comerciales o de lucro a cualquier título sin previa autorización, está totalmente prohibido y constituye una infracción a la normatividad vigente.

Sheet 900.2.1
K1: CÓDIGO | L1: FR-APU-1
C2: INSTITUTO NACIONAL DE VIAS
C3: ANÁLISIS DE PRECIOS UNITARIOS DE REFERENCIA REGIONALIZADOS | K3: VERSIÓN | L3: 2021
C5: ACTUALIZACIÓN PERIÓDICA | K5: PÁGINA
K8: FECHA
L9: (Día) | M9: (Mes) | N9: (Año)
B10: ÍTEM BASE DE APU DE REFERENCIA: | E10: ⊠ | F10: PUBLICACIÓN: | H10: 2022-1 JUNIO 2022
B12: ÍTEM DE PROYECTO PARTICULAR:
B13: ÍTEM DE LA PROPUESTA ECONÓMICA: | E13: □ | H13: ÍTEM NO PREVISTO: | J13: □ | K13: ÍTEM APU PARTICULAR: | M13: □
B14: UNIDAD EJECUTORA: | J14: DIRECCIÓN TERRITORIAL:
B17: CONTRATO No. | D17: FECHA:
B18: OBJETO DEL CONTRATO:
B21: CARRETERA: | J21: SECTOR:
B23: CONTRATISTA:
B25: INTERVENTOR: | K25: CONTRATO No. | M25: FECHA: | N25: ______________
B27: FECHA DE CIERRE DEL PROCESO DE SELECCIÓN DEL CONTRATO: | I27: / | J27: /
F28: (Día) | H28: (Día) | I28: (Mes) | J28: (Año)
B30: DATOS ESPECÍFICOS
B32: ÍTEM | C32: DESCRIPCIÓN | J32: GRUPO DE AJUSTE | L32: UNIDAD | N32: CANTIDAD
B33: 900.2.1 | C33: TRANSPORTE DE MATERIALES PROVENIENTES DE LA EXCAVACIÓN DE LA EXPLANACIÓN, CANALES Y PRÉSTAMOS PARA DISTANCIAS MAYORES DE MIL METROS (1.000 m) MEDIDOS A PARTIR DE CIEN METROS (100 m) | L33: m3/km
B35: I. EQUIPO
B37: CÓDIGO | C37: DESCRIPCIÓN | J37: TIPO | K37: TARIFA/HORA | L37: RENDIMIENTO | N37: Vr. UNITARIO
B38: C0010960 | C38: Volqueta 6 m3 | K38: 60000 | L38: =1/74 -> 0.013513514 | N38: =K38*L38 -> 810.81081
N39: =K39*L39 -> 0
N40: =K40*L40 -> 0
N41: =K41*L41 -> 0
N42: =K42*L42 -> 0
N43: =K43*L43 -> 0
N44: =K44*L44 -> 0
N45: =K45*L45 -> 0
N46: =K46*L46 -> 0
N47: =K47*L47 -> 0
N48: =K48*L48 -> 0
N49: =K49*L49 -> 0
N50: =K50*L50 -> 0
N51: =K51*L51 -> 0
B53: SUBTOTAL $ | N53: =SUM(N38:N52) -> 810.81081
B55: II. MATERIALES
B57: CÓDIGO | C57: DESCRIPCIÓN | J57: UNIDAD | K57: CANTIDAD | L57: PRECIO UNIT. | N57: Vr. UNITARIO
N58: =K58*L58 -> 0
N59: =K59*L59 -> 0
N60: =K60*L60 -> 0
N61: =K61*L61 -> 0
N62: =K62*L62 -> 0
N63: =K63*L63 -> 0
N64: =K64*L64 -> 0
N65: =K65*L65 -> 0
N66: =K66*L66 -> 0
N67: =K67*L67 -> 0
N68: =K68*L68 -> 0
N69: =K69*L69 -> 0
... N72: =K72*L72 -> 0
B73: SUBTOTAL $ | N73: =SUM(N58:N72) -> 0
B75: III. TRANSPORTES
B77: CÓDIGO | C77: DESCRIPCIÓN | I77: UNIDAD | J77: CANTIDAD (1) | K77: DISTANCIA (2) | L77: (1) * (2) | M77: TARIFA | N77: Vr. UNITARIO
N78: =L78*M78 -> 0
N79: =L79*M79 -> 0
N80: =L80*M80 -> 0
N81: =L81*M81 -> 0
N82: =L82*M82 -> 0
B83: SUBTOTAL $ | N83: =SUM(N78:N82) -> 0
B85: IV. MANO DE OBRA
B87: CÓDIGO | C87: DESCRIPCIÓN | I87: JORNAL | J87: PRESTACIONES (%) | K87: JR. TOTAL | L87: RENDIMIENTO | N87: Vr. UNITARIO
B98: SUBTOTAL $ | N98: =SUM(N88:N97) -> 0
B100: TOTAL COSTO DIRECTO $ | N100: =N53+N73+N83+N98 -> 810.81081
B102: V. COSTOS INDIRECTOS
B104: DESCRIPCIÓN | K104: Porcentaje | L104: Valor Total
B105: ADMINISTRACION | K105: 0.2 | L105: =K105*N100 -> 162.16216
B106: IMPREVISTOS | K106: 0.05 | L106: =K106*N100 -> 40.540541
B107: UTILIDAD | K107: 0.05 | L107: =K107*N100 -> 40.540541
B108: SUBTOTAL $ | N108: =L105+L106+L107 -> 243.24324
B110: Precio Unitario Total Aproximado al Peso $ | N110: =ROUND((N100+N108),0) -> 1054
E115: Firma
E116: Nombre:
E117: Representante Legal del Contratista o su Apoderado
E118: Matricula No. :
B120: OBSERVACIONES INTERVENTORÍA:
B125: APROBACIÓN POR INTERVENTORÍA
B126: Nota 1: Cuando se trate de Análisis de precios unitarios correspondientes a ítems de la propuesta económica aprobada, el Interventor aprueba el desglose de los componentes manteniendo el mismo precio unitario de cada ítem, cumpliendo con las especificaciones de construcción vigentes para el proyecto.
B128: Nota 2: Cuando se trate de Análisis de precios unitarios de ítems no previstos, el Interventor aprueba el desglose y precio unitario de cada ítem no previsto, exigiendo la aplicación de los costos correspondientes a insumos y tarifas de la propuesta económica inicial cuando estén contemplados, cumpliendo con las especificaciones de construcción vigente para el proyecto.
E134: Firma
E135: Nombre:
E136: Representante Legal del Interventor o su Apoderado
E137: Matricula No. :
B139: NOTA: Los documentos publicados periódicamente son propiedad del Instituto Nacional de Vías. Su uso con fines comerciales o de lucro a cualquier título sin previa autorización, está totalmente prohibido y constituye una infracción a la normatividad vigente.
